Stars vs Nordiques
Created - November 26, 2018 at 19:11
Goals
|
| Stars |
0 |
0 |
1 |
1 |
| Nordiques |
4 |
1 |
2 |
7 |
|
Shots
|
| Stars |
7 |
13 |
7 |
27 |
| Nordiques |
12 |
8 |
8 |
28 |
|
1st period
1. Nordiques , Martin St. Louis 4 (David Legwand 10, Matt Moulson 5) at 6:04
2. Nordiques , Vladimir Tarasenko 17 (Marc Savard 19) at 8:37
3. Nordiques , Vladimir Tarasenko 18 (Mark Eaton 4) at 9:27
4. Nordiques , Jean-Pierre Dumont 9 (Chris Drury 6, R.J. Umberger 10) at 11:27
Penalties :
Drew Fata (Dal) for Hooking (Minor) at 2:02, Martin St. Louis (Que) for Holding (Minor) at 14:34
2nd period
5. Nordiques , Jean-Pierre Dumont 10 (R.J. Umberger 11, David Legwand 11) at 4:51 (PP)
Penalties :
Drew Fata (Dal) for High sticking (Minor) at 4:14, Chris Drury (Que) for Fighting (Major) at 6:22, John Tavares (Dal) for Fighting (Major) at 6:22, Dustin Byfuglien (Que) for Hooking (Minor) at 8:34
3rd period
6. Nordiques , Matt Irwin 1 (Simon Gagné 9) at 14:00
7. Stars , John Tavares 14 (Guillaume Latendresse 13) at 14:56
8. Nordiques , Vladimir Tarasenko 19 (Marc Savard 20) at 17:59
Penalties :
Brian Lee (Dal) for Roughing (Minor) at 7:10, Michael Ryder (Que) for Fighting (Major) at 14:52, Alex Chiasson (Dal) for Fighting (Major) at 14:52, Fedor Tyutin (Que) for Fighting (Major) at 14:57, Guillaume Latendresse (Dal) for Fighting (Major) at 14:57, Fedor Tyutin (Que) for instigated a fight (Minor) at 14:57, Fedor Tyutin (Que) for instigated a fight (10 Minutes Misconduct) at 14:57, Simon Gagné (Que) for Fighting (Major) at 17:43, Patrick Sharp (Dal) for Fighting (Major) at 17:43
Goalie Stats
Mike Brodeur (Dal), 6 saves from 10 shots - (0.600), L, 4-4-0, 11:27 minutes
Jhonas Enroth (Dal), 15 saves from 18 shots - (0.833), 48:33 minutes
Jonathan Quick (Que), 26 saves from 27 shots - (0.963), W, 10-6-2, 60:00 minutes
Players Stats for Stars
Player Name G A P +/- PIM S H SB GA TA FO MP PP MP PK MP
------------------------------------------------------------------------------------
Alex Chiasson 0 0 0 0 5 2 1 0 1 0 0/0 10:49 0:26 0:00
Antoine Vermette 0 0 0 -3 0 2 1 0 0 0 2/10 15:15 2:24 0:00
B.J. Crombeen 0 0 0 -3 0 1 2 0 1 0 0/0 15:54 2:35 0:00
Boris Valabik 0 0 0 -3 0 1 0 0 1 0 0/0 21:12 2:03 2:03
Brian Lee 0 0 0 -1 2 3 0 1 3 0 0/0 25:57 3:54 1:26
Cory Emmerton 0 0 0 -1 0 2 1 1 0 0 1/2 12:09 0:00 0:46
Drew Fata 0 0 0 -1 4 1 2 0 0 1 0/0 26:13 3:54 1:06
Dustin Penner 0 0 0 0 0 1 4 0 1 0 0/0 10:08 0:20 0:41
Evgeny Artyukhin 0 0 0 0 0 1 1 0 0 0 1/1 8:45 0:01 0:00
Evgeny Grachev 0 0 0 0 0 1 0 0 1 0 1/5 8:30 0:00 0:00
Guillaume Latendresse 0 1 1 -1 5 2 2 0 1 0 1/2 20:34 2:13 2:33
John Tavares 1 0 1 -2 5 3 1 1 0 0 16/36 20:52 2:17 2:34
Johnny Oduya 0 0 0 -3 0 1 1 1 1 0 0/0 21:03 2:03 1:56
Jussi Jokinen 0 0 0 -3 0 2 2 0 0 0 0/0 16:58 2:24 1:18
Michael Grabner 0 0 0 -2 0 1 0 0 1 0 0/2 21:56 3:21 1:18
Niklas Hjalmarsson 0 0 0 -1 0 0 1 0 0 0 0/0 11:55 0:00 0:07
Patrick Sharp 0 0 0 0 5 2 1 0 1 0 2/5 13:24 1:50 0:00
Tyson Barrie 0 0 0 -1 0 1 1 0 0 0 0/0 13:44 0:00 2:32
Players Stats for Nordiques
Player Name G A P +/- PIM S H SB GA TA FO MP PP MP PK MP
------------------------------------------------------------------------------------
Chris Drury 0 1 1 1 5 1 0 2 0 0 4/5 8:42 0:00 0:31
David Legwand 0 2 2 1 0 0 1 0 0 1 3/4 14:37 2:08 2:03
Dustin Byfuglien 0 0 0 3 2 0 1 0 0 1 0/0 14:09 0:00 0:47
Fedor Tyutin 0 0 0 0 17 2 2 1 0 1 0/0 25:23 2:39 2:26
Jean-Pierre Dumont 2 0 2 1 0 3 2 0 0 0 0/1 16:14 2:08 0:00
Kyle Calder 0 0 0 0 0 2 0 0 0 0 0/0 11:15 0:00 1:04
Marc Savard 0 2 2 3 0 3 2 1 0 1 25/40 22:20 2:27 3:13
Mark Eaton 0 1 1 2 0 0 1 2 0 2 0/0 20:26 1:56 2:44
Martin St. Louis 1 0 1 2 2 1 1 0 0 0 0/1 13:20 0:00 0:00
Matt Irwin 1 0 1 2 0 1 0 0 0 0 0/0 11:46 0:00 0:00
Matt Moulson 0 1 1 1 0 2 0 0 0 0 0/0 9:35 0:00 0:00
Michael Ryder 0 0 0 0 5 0 0 0 0 0 1/1 8:44 0:00 0:00
Mike Fisher 0 0 0 0 0 1 1 0 0 1 3/4 9:35 0:00 0:00
R.J. Umberger 0 2 2 1 0 0 3 1 0 0 0/0 18:01 2:08 1:50
Ryan Ellis 0 0 0 1 0 1 0 2 1 4 0/0 28:19 2:39 3:44
Simon Gagné 0 1 1 2 5 6 0 0 0 0 1/3 17:34 2:27 0:00
T.J. Fast 0 0 0 2 0 0 1 3 0 1 0/0 19:55 1:56 2:13
Vladimir Tarasenko 3 0 3 3 0 5 1 1 0 0 2/4 24:02 2:27 3:13
3 Stars
1 - Vladimir Tarasenko (Que)
2 - Jean-Pierre Dumont (Que)
3 - Marc Savard (Que)
Power Play
Stars - 0 on 3 Attempt(s) - 0.00%
Nordiques - 1 on 3 Attempt(s) - 33.33%
Penalty Kill
Stars - 2 on 3 Attempt(s) - 66.67%
- Score 0 goal in Penalty Kill
Nordiques - 3 on 3 Attempt(s) - 100.00%
- Score 0 goal in Penalty Kill
Team Stat
Stars - Hits : 21 - Faceoff Wins : 24 - Blocked Shots : 4 - Penalty Minutes : 26
Nordiques - Hits : 16 - Faceoff Wins : 39 - Blocked Shots : 13 - Penalty Minutes : 36
Official
Referees : Unknown
Linesman : Unknown
Game Notes
Jhonas Enroth enters game at 11:27 of 1st period
John Tavares beats up Chris Drury at 6:22 of 2nd period
Chris Drury is injured at 18:20 of 2nd period (Strained Left Knee)
3:05 of 3rd period - Stars goal is going for a video replay. After video review, No Goal. The referee deems the play has been stopped, even if he had not physically had the opportunity to stop play by blowing his whistle.
Alex Chiasson beats up Michael Ryder at 14:52 of 3rd period
Guillaume Latendresse beats up Fedor Tyutin at 14:57 of 3rd period
Simon Gagné and Patrick Sharp fight to a draw at 17:43 of 3rd period
Vladimir Tarasenko has scored a Hat Trick!
Finance
Level 1 -- Attendance: 4026 (67.10%) -- Ticket Income $422,730
Level 2 -- Attendance: 3755 (75.10%) -- Ticket Income $244,075
Level 3 -- Attendance: 1353 (67.65%) -- Ticket Income $62,238
Level 4 -- Attendance: 2404 (60.10%) -- Ticket Income $84,140
Luxury Box -- Attendance: 947 (94.70%) -- Ticket Income $156,255
Game was played at the Centre Videotron.
Total Attendance: 12485 (69.36%)
Total Ticket Income: $969,438
Other Income: $145,416
Total Income: $1,114,854
Stars
5 vs 5 Forward
Center Left Wing Right Wing Time % Phy DF OF
1 John Tavares Guillaume Latendresse Michael Grabner 40 1 2 2
2 Antoine Vermette Jussi Jokinen B.J. Crombeen 28 1 2 2
3 Cory Emmerton Patrick Sharp Alex Chiasson 21 1 2 2
4 Evgeny Grachev Dustin Penner Evgeny Artyukhin 11 1 2 2
5 vs 5 Defense
Defense Defense Time % Phy DF OF
1 Drew Fata Brian Lee 40 1 2 2
2 Boris Valabik Johnny Oduya 30 1 2 2
3 Niklas Hjalmarsson Tyson Barrie 20 1 2 2
4 Drew Fata Brian Lee 10 1 2 2
PowerPlay Forward
Center Left Wing Right Wing Time % Phy DF OF
1 John Tavares Guillaume Latendresse Michael Grabner 60 0 2 3
2 Antoine Vermette Jussi Jokinen B.J. Crombeen 40 0 2 3
PowerPlay Defense
Defense Defense Time % Phy DF OF
1 Drew Fata Brian Lee 60 0 2 3
2 Boris Valabik Johnny Oduya 40 0 2 3
Penalty Kill 4 Players Forward
Center Wing Time % Phy DF OF
1 John Tavares Guillaume Latendresse 60 0 3 2
2 Jussi Jokinen Michael Grabner 40 0 3 2
Penalty Kill 4 Players Defense
Defense Defense Time % Phy DF OF
1 Drew Fata Brian Lee 60 0 3 2
2 Boris Valabik Johnny Oduya 40 0 3 2
Penalty Kill - 3 Players Forward
Forward Time % Phy DF OF
1 John Tavares 60 0 3 2
2 Guillaume Latendresse 40 0 3 2
Penalty Kill - 3 Players Defense
Defense Defense Time % Phy DF OF
1 Drew Fata Brian Lee 60 0 3 2
2 Boris Valabik Johnny Oduya 40 0 3 2
4 vs 4 Forward
Center Wing Time % Phy DF OF
1 John Tavares Guillaume Latendresse 60 1 2 2
2 Jussi Jokinen Michael Grabner 40 1 2 2
4 vs 4 Defense
Defense Defense Time % Phy DF OF
1 Drew Fata Brian Lee 60 1 2 2
2 Boris Valabik Johnny Oduya 40 1 2 2
Last Minutes Offensive
Center Left Wing Right Wing Defense Defense
John Tavares Guillaume Latendresse Michael Grabner Drew Fata Brian Lee
Last Minutes Defensive
Center Left Wing Right Wing Defense Defense
John Tavares Guillaume Latendresse Michael Grabner Drew Fata Brian Lee
Goaltenders
Starting : Mike Brodeur
Backup : Jhonas Enroth
Extra Forwards
Normal : Patrick Sharp, Alex Chiasson, Cory Emmerton - PP : Patrick Sharp, Alex Chiasson - PK : Cory Emmerton
Extra Defensemen
Normal : Niklas Hjalmarsson, Tyson Barrie, Boris Valabik - PP : Niklas Hjalmarsson - PK : Tyson Barrie, Boris Valabik
Penalty Shots
John Tavares, Guillaume Latendresse, Jussi Jokinen, Michael Grabner, Patrick Sharp
Scratches
Ian White (Sports Hernia Injury)
Nordiques
5 vs 5 Forward
Center Left Wing Right Wing Time % Phy DF OF
1 Marc Savard Simon Gagné Vladimir Tarasenko 40 0 1 4
2 Chris Drury R.J. Umberger Jean-Pierre Dumont 30 1 1 3
3 David Legwand Matt Moulson Martin St. Louis 20 1 2 2
4 Mike Fisher Kyle Calder Michael Ryder 10 2 1 2
5 vs 5 Defense
Defense Defense Time % Phy DF OF
1 Fedor Tyutin Ryan Ellis 40 1 3 1
2 Mark Eaton T.J. Fast 30 1 3 1
3 Dustin Byfuglien Matt Irwin 20 1 3 1
4 Fedor Tyutin Ryan Ellis 10 1 3 1
PowerPlay Forward
Center Left Wing Right Wing Time % Phy DF OF
1 Marc Savard Simon Gagné Vladimir Tarasenko 60 0 0 5
2 David Legwand R.J. Umberger Jean-Pierre Dumont 40 0 0 5
PowerPlay Defense
Defense Defense Time % Phy DF OF
1 Fedor Tyutin Ryan Ellis 60 0 2 3
2 Mark Eaton T.J. Fast 40 0 2 3
Penalty Kill 4 Players Forward
Center Wing Time % Phy DF OF
1 Marc Savard Vladimir Tarasenko 60 1 4 0
2 David Legwand Chris Drury 40 1 4 0
Penalty Kill 4 Players Defense
Defense Defense Time % Phy DF OF
1 Fedor Tyutin Ryan Ellis 60 1 4 0
2 Mark Eaton T.J. Fast 40 1 4 0
Penalty Kill - 3 Players Forward
Forward Time % Phy DF OF
1 Marc Savard 60 0 5 0
2 Vladimir Tarasenko 40 0 5 0
Penalty Kill - 3 Players Defense
Defense Defense Time % Phy DF OF
1 Fedor Tyutin Ryan Ellis 60 1 4 0
2 Mark Eaton T.J. Fast 40 1 4 0
4 vs 4 Forward
Center Wing Time % Phy DF OF
1 Marc Savard Vladimir Tarasenko 60 0 1 4
2 David Legwand Chris Drury 40 0 1 4
4 vs 4 Defense
Defense Defense Time % Phy DF OF
1 Fedor Tyutin Ryan Ellis 60 1 4 0
2 Mark Eaton T.J. Fast 40 1 4 0
Last Minutes Offensive
Center Left Wing Right Wing Defense Defense
Marc Savard Simon Gagné Vladimir Tarasenko Fedor Tyutin Ryan Ellis
Last Minutes Defensive
Center Left Wing Right Wing Defense Defense
Marc Savard Simon Gagné Vladimir Tarasenko Fedor Tyutin Ryan Ellis
Goaltenders
Starting : Jonathan Quick
Backup : Philipp Grubauer
Extra Forwards
Normal : Vladimir Tarasenko, Martin St. Louis, Chris Drury - PP : Vladimir Tarasenko, Martin St. Louis - PK : R.J. Umberger
Extra Defensemen
Normal : Ryan Ellis, Fedor Tyutin, Dustin Byfuglien - PP : Ryan Ellis - PK : Mark Eaton, Fedor Tyutin
Penalty Shots
Marc Savard, Vladimir Tarasenko, David Legwand, Chris Drury, Simon Gagné
Scratches
Bruno Gervais (Healthy), Paul Gaustad (Healthy), Petr Kalus (Healthy), Nikolai Kulemin (Healthy), Julien Ellis (Healthy)
% Time on Ice - Stars
Lines # - Real PCT - Wanted PCT - Time Play
Normal Forward
1 - 36% - 40% - 17:34
2 - 26% - 28% - 12:53
3 - 21% - 21% - 10:31
4 - 17% - 11% - 8:30
Normal Defense
1 - 39% - 40% - 19:24
2 - 35% - 30% - 17:04
3 - 22% - 20% - 11:07
4 - 4% - 10% - 1:53
PP Forward
1 - 60% - 60% - 3:33
2 - 40% - 40% - 2:24
PP Defense
1 - 66% - 60% - 3:54
2 - 34% - 40% - 2:03
PK Forward
1 - 72% - 60% - 3:17
2 - 28% - 40% - 1:18
PK Defense
1 - 68% - 60% - 3:08
2 - 32% - 40% - 1:27
PK3 Forward
1 - 0% - 60%
2 - 0% - 40%
PK3 Defense
1 - 0% - 60%
2 - 0% - 40%
44 Forward
1 - 0% - 60%
2 - 0% - 40%
44 Defense
1 - 0% - 60%
2 - 0% - 40%
Last Minute Offensive - 0:00
Last Minute Defensive - 0:00
Total
Forward - 60:00
Defense - 60:00
|
% Time on Ice - Nordiques
Lines # - Real PCT - Wanted PCT - Time Play
Normal Forward
1 - 34% - 40% - 16:36
2 - 28% - 30% - 13:42
3 - 19% - 20% - 9:35
4 - 19% - 10% - 9:35
Normal Defense
1 - 41% - 40% - 20:06
2 - 32% - 30% - 15:45
3 - 24% - 20% - 11:46
4 - 4% - 10% - 1:51
PP Forward
1 - 53% - 60% - 2:27
2 - 47% - 40% - 2:08
PP Defense
1 - 58% - 60% - 2:39
2 - 42% - 40% - 1:56
PK Forward
1 - 67% - 60% - 4:00
2 - 33% - 40% - 1:57
PK Defense
1 - 63% - 60% - 3:44
2 - 37% - 40% - 2:13
PK3 Forward
1 - 0% - 60%
2 - 0% - 40%
PK3 Defense
1 - 0% - 60%
2 - 0% - 40%
44 Forward
1 - 0% - 60%
2 - 0% - 40%
44 Defense
1 - 0% - 60%
2 - 0% - 40%
Last Minute Offensive - 0:00
Last Minute Defensive - 0:00
Total
Forward - 60:00
Defense - 60:00
|
Play by Play
1st period
0:01 of 1st period - John Tavares wins face-off versus Marc Savard in neutral zone.
0:10 of 1st period - Slapshot by Guillaume Latendresse.
0:10 of 1st period - Stopped by Jonathan Quick with a rebound.
0:12 of 1st period - Slapshot by Drew Fata.
0:12 of 1st period - Shot Blocked by Ryan Ellis.
0:34 of 1st period - Jussi Jokinen is hit by R.J. Umberger.
1:03 of 1st period - Snap shot by Patrick Sharp.
1:03 of 1st period - Stopped by Jonathan Quick without a rebound.
1:04 of 1st period - Michael Ryder wins face-off versus Evgeny Grachev in Nordiques zone.
1:13 of 1st period - Slapshot by Kyle Calder.
1:13 of 1st period - Stopped by Mike Brodeur with a rebound.
1:17 of 1st period - Slapshot by Kyle Calder.
1:17 of 1st period - Stopped by Mike Brodeur without a rebound.
1:18 of 1st period - John Tavares wins face-off versus Marc Savard in Stars zone.
1:45 of 1st period - Patrick Sharp is hit by Jean-Pierre Dumont and loses puck.
2:02 of 1st period - Minor Penalty to Drew Fata for Hooking.
2:03 of 1st period - John Tavares wins face-off versus Marc Savard in Stars zone.
2:56 of 1st period - Mark Eaton is hit by Guillaume Latendresse and loses puck.
3:41 of 1st period - Jean-Pierre Dumont is hit by Dustin Penner and loses puck.
4:02 of 1st period - Penalty to Drew Fata is over, Drew Fata is back on ice.
4:18 of 1st period - Wrist shot by Dustin Penner.
4:18 of 1st period - Stopped by Jonathan Quick with a rebound.
5:00 of 1st period - Chris Drury is hit by Johnny Oduya and loses puck.
5:23 of 1st period - Fedor Tyutin is hit by Antoine Vermette and loses puck.
5:40 of 1st period - R.J. Umberger is hit by Dustin Penner and loses puck.
5:45 of 1st period - Wrist shot by Evgeny Grachev.
5:45 of 1st period - Stopped by Jonathan Quick without a rebound.
5:46 of 1st period - David Legwand wins face-off versus John Tavares in Nordiques zone.
5:50 of 1st period - Off-side.
5:51 of 1st period - David Legwand wins face-off versus John Tavares in neutral zone.
6:02 of 1st period - Snap shot by David Legwand.
6:02 of 1st period - Shot Misses the Net.
6:04 of 1st period - Slapshot by Martin St. Louis.
6:04 of 1st period - Goal by Martin St. Louis - Stars : 0 - Nordiques : 1.
6:05 of 1st period - Marc Savard wins face-off versus John Tavares in neutral zone.
6:07 of 1st period - Off-side.
6:08 of 1st period - John Tavares wins face-off versus Marc Savard in neutral zone.
6:23 of 1st period - Backhand shot by Michael Grabner.
6:23 of 1st period - Shot Blocked by Vladimir Tarasenko.
7:18 of 1st period - Johnny Oduya is hit by Martin St. Louis and loses puck.
7:45 of 1st period - Wrist shot by Matt Moulson.
7:45 of 1st period - Stopped by Mike Brodeur without a rebound.
7:46 of 1st period - Marc Savard wins face-off versus John Tavares in Stars zone.
7:51 of 1st period - Snap shot by Vladimir Tarasenko.
7:51 of 1st period - Stopped by Mike Brodeur with a rebound.
8:19 of 1st period - Jean-Pierre Dumont is hit by B.J. Crombeen and loses puck.
8:35 of 1st period - Icing by B.J. Crombeen.
8:36 of 1st period - Marc Savard wins face-off versus Antoine Vermette in Stars zone.
8:37 of 1st period - Snap shot by Vladimir Tarasenko.
8:37 of 1st period - Goal by Vladimir Tarasenko - Stars : 0 - Nordiques : 2.
8:38 of 1st period - John Tavares wins face-off versus Marc Savard in neutral zone.
8:49 of 1st period - Snap shot by Vladimir Tarasenko.
8:49 of 1st period - Shot Misses the Net.
8:51 of 1st period - Snap shot by Vladimir Tarasenko.
8:51 of 1st period - Shot Blocked by Brian Lee.
8:53 of 1st period - Snap shot by Simon Gagné.
8:53 of 1st period - Deflect By Marc Savard.
8:53 of 1st period - Stopped by Mike Brodeur with a rebound.
8:55 of 1st period - Slapshot by Fedor Tyutin.
8:55 of 1st period - Deflect By Simon Gagné.
8:55 of 1st period - Shot Misses the Net.
8:55 of 1st period - Puck is out of play.
8:56 of 1st period - Antoine Vermette wins face-off versus Chris Drury in Stars zone.
9:27 of 1st period - Backhand shot by Vladimir Tarasenko.
9:27 of 1st period - Goal by Vladimir Tarasenko - Stars : 0 - Nordiques : 3.
9:28 of 1st period - Marc Savard wins face-off versus John Tavares in neutral zone.
10:47 of 1st period - Snap shot by David Legwand.
10:47 of 1st period - Shot Misses the Net.
11:15 of 1st period - Wrist shot by Chris Drury.
11:15 of 1st period - Stopped by Mike Brodeur with a rebound.
11:17 of 1st period - Slapshot by Fedor Tyutin.
11:17 of 1st period - Shot Misses the Net.
11:27 of 1st period - Wrist shot by Jean-Pierre Dumont.
11:27 of 1st period - Goal by Jean-Pierre Dumont - Stars : 0 - Nordiques : 4.
11:27 of 1st period - Jhonas Enroth enters game.
11:28 of 1st period - John Tavares wins face-off versus Marc Savard in neutral zone.
12:24 of 1st period - Ryan Ellis is hit by Alex Chiasson and loses puck.
12:31 of 1st period - Backhand shot by Brian Lee.
12:31 of 1st period - Deflect By Patrick Sharp.
12:31 of 1st period - Shot Misses the Net.
12:31 of 1st period - Puck is out of play.
12:32 of 1st period - Guillaume Latendresse wins face-off versus Simon Gagné in Nordiques zone.
12:33 of 1st period - Snap shot by John Tavares.
12:33 of 1st period - Shot Blocked by T.J. Fast.
12:36 of 1st period - Icing by Mark Eaton.
12:37 of 1st period - John Tavares wins face-off versus Marc Savard in Nordiques zone.
12:40 of 1st period - Slapshot by John Tavares.
12:40 of 1st period - Stopped by Jonathan Quick with a rebound.
12:54 of 1st period - Slapshot by Simon Gagné.
12:54 of 1st period - Stopped by Jhonas Enroth with a rebound.
13:28 of 1st period - Snap shot by Jussi Jokinen.
13:28 of 1st period - Stopped by Jonathan Quick without a rebound.
13:29 of 1st period - Marc Savard wins face-off versus Evgeny Grachev in Nordiques zone.
14:34 of 1st period - Minor Penalty to Martin St. Louis for Holding.
14:35 of 1st period - John Tavares wins face-off versus Marc Savard in Nordiques zone.
16:08 of 1st period - David Legwand is hit by Drew Fata.
16:12 of 1st period - Jussi Jokinen is hit by T.J. Fast and loses puck.
16:25 of 1st period - Vladimir Tarasenko is hit by Guillaume Latendresse and loses puck.
16:34 of 1st period - Penalty to Martin St. Louis is over, Martin St. Louis is back on ice.
17:06 of 1st period - Wrist shot by Evgeny Grachev.
17:06 of 1st period - Shot Blocked by Ryan Ellis.
17:20 of 1st period - Snap shot by Fedor Tyutin.
17:20 of 1st period - Stopped by Jhonas Enroth with a rebound.
19:27 of 1st period - T.J. Fast is hit by Dustin Penner and loses puck.
19:38 of 1st period - Marc Savard is hit by B.J. Crombeen and loses puck.
19:47 of 1st period - Wrist shot by Jussi Jokinen.
19:47 of 1st period - Stopped by Jonathan Quick without a rebound.
19:48 of 1st period - David Legwand wins face-off versus John Tavares in Nordiques zone.
Goals for this period are 0 for Stars vs 4 for Nordiques.
Shots for this period are 7 for Stars vs 12 for Nordiques.
2nd period
0:01 of 2nd period - Marc Savard wins face-off versus John Tavares in neutral zone.
0:14 of 2nd period - Snap shot by Brian Lee.
0:14 of 2nd period - Stopped by Jonathan Quick without a rebound.
0:15 of 2nd period - Marc Savard wins face-off versus John Tavares in Nordiques zone.
0:41 of 2nd period - R.J. Umberger is hit by Jussi Jokinen and loses puck.
1:15 of 2nd period - Slapshot by Dustin Byfuglien.
1:15 of 2nd period - Deflect By Matt Moulson.
1:15 of 2nd period - Stopped by Jhonas Enroth with a rebound.
1:25 of 2nd period - Slapshot by Boris Valabik.
1:25 of 2nd period - Shot Misses the Net.
1:27 of 2nd period - Slapshot by Johnny Oduya.
1:27 of 2nd period - Stopped by Jonathan Quick without a rebound.
1:28 of 2nd period - Mike Fisher wins face-off versus John Tavares in Nordiques zone.
1:33 of 2nd period - Slapshot by John Tavares.
1:33 of 2nd period - Shot Blocked by T.J. Fast.
1:35 of 2nd period - Slapshot by Drew Fata.
1:35 of 2nd period - Deflect By Michael Grabner.
1:35 of 2nd period - Shot Misses the Net.
1:35 of 2nd period - Puck is out of play.
1:36 of 2nd period - Marc Savard wins face-off versus Guillaume Latendresse in Nordiques zone.
2:56 of 2nd period - Wrist shot by Marc Savard.
2:56 of 2nd period - Shot Misses the Net.
3:42 of 2nd period - Wrist shot by Cory Emmerton.
3:42 of 2nd period - Shot Misses the Net.
3:44 of 2nd period - Snap shot by Alex Chiasson.
3:44 of 2nd period - Stopped by Jonathan Quick with a rebound.
3:46 of 2nd period - Snap shot by Cory Emmerton.
3:46 of 2nd period - Deflect By Ryan Ellis.
3:46 of 2nd period - Shot Misses the Net.
3:46 of 2nd period - Puck is out of play.
3:47 of 2nd period - Marc Savard wins face-off versus Antoine Vermette in Nordiques zone.
3:47 of 2nd period - Marc Savard is hit by Drew Fata.
4:14 of 2nd period - Minor Penalty to Drew Fata for High sticking.
4:15 of 2nd period - John Tavares wins face-off versus Simon Gagné in Stars zone.
4:42 of 2nd period - Brian Lee is hit by R.J. Umberger and loses puck.
4:49 of 2nd period - Snap shot by R.J. Umberger.
4:49 of 2nd period - Shot Misses the Net.
4:51 of 2nd period - Wrist shot by Jean-Pierre Dumont.
4:51 of 2nd period - Goal by Jean-Pierre Dumont - Stars : 0 - Nordiques : 5.
4:52 of 2nd period - Marc Savard wins face-off versus Patrick Sharp in neutral zone.
5:03 of 2nd period - Slapshot by Brian Lee.
5:03 of 2nd period - Deflect By Patrick Sharp.
5:03 of 2nd period - Stopped by Jonathan Quick with a rebound.
5:25 of 2nd period - Michael Grabner is hit by Dustin Byfuglien and loses puck.
5:46 of 2nd period - Slapshot by Drew Fata.
5:46 of 2nd period - Stopped by Jonathan Quick with a rebound.
5:48 of 2nd period - Snap shot by Antoine Vermette.
5:48 of 2nd period - Stopped by Jonathan Quick without a rebound.
5:49 of 2nd period - Marc Savard wins face-off versus Antoine Vermette in Nordiques zone.
6:19 of 2nd period - Slapshot by Tyson Barrie.
6:19 of 2nd period - Stopped by Jonathan Quick without a rebound.
6:20 of 2nd period - Chris Drury wins face-off versus John Tavares in Nordiques zone.
6:22 of 2nd period - John Tavares beats up Chris Drury.
6:22 of 2nd period - Penalty to Chris Drury for Fighting.
6:22 of 2nd period - Penalty to John Tavares for Fighting.
6:23 of 2nd period - Marc Savard wins face-off versus Patrick Sharp in neutral zone.
6:26 of 2nd period - Slapshot by Vladimir Tarasenko.
6:26 of 2nd period - Shot Misses the Net.
6:29 of 2nd period - Icing by Brian Lee.
6:30 of 2nd period - Marc Savard wins face-off versus Patrick Sharp in Stars zone.
6:51 of 2nd period - Snap shot by Simon Gagné.
6:51 of 2nd period - Deflect By Vladimir Tarasenko.
6:51 of 2nd period - Shot Misses the Net.
6:51 of 2nd period - Puck is out of play.
6:52 of 2nd period - Vladimir Tarasenko wins face-off versus Antoine Vermette in Stars zone.
6:57 of 2nd period - Icing by Johnny Oduya.
6:58 of 2nd period - Vladimir Tarasenko wins face-off versus Antoine Vermette in Stars zone.
7:03 of 2nd period - Wrist shot by Jean-Pierre Dumont.
7:03 of 2nd period - Shot Misses the Net.
7:45 of 2nd period - Snap shot by Mike Fisher.
7:45 of 2nd period - Shot Misses the Net.
7:47 of 2nd period - Slapshot by Fedor Tyutin.
7:47 of 2nd period - Deflect By Mike Fisher.
7:47 of 2nd period - Shot Misses the Net.
7:47 of 2nd period - Puck is out of play.
7:48 of 2nd period - Marc Savard wins face-off versus Evgeny Grachev in Stars zone.
7:55 of 2nd period - Snap shot by Simon Gagné.
7:55 of 2nd period - Stopped by Jhonas Enroth with a rebound.
8:09 of 2nd period - Snap shot by Brian Lee.
8:09 of 2nd period - Shot Blocked by Fedor Tyutin.
8:11 of 2nd period - Slapshot by Brian Lee.
8:11 of 2nd period - Stopped by Jonathan Quick without a rebound.
8:12 of 2nd period - Patrick Sharp wins face-off versus Jean-Pierre Dumont in Nordiques zone.
8:34 of 2nd period - Minor Penalty to Dustin Byfuglien for Hooking.
8:35 of 2nd period - Patrick Sharp wins face-off versus Marc Savard in Nordiques zone.
8:36 of 2nd period - Snap shot by Guillaume Latendresse.
8:36 of 2nd period - Shot Misses the Net.
8:38 of 2nd period - Slapshot by Brian Lee.
8:38 of 2nd period - Shot Blocked by Marc Savard.
10:14 of 2nd period - Dustin Penner is hit by Marc Savard and loses puck.
10:34 of 2nd period - Penalty to Dustin Byfuglien is over, Dustin Byfuglien is back on ice.
10:59 of 2nd period - Evgeny Grachev is hit by Mike Fisher.
11:30 of 2nd period - Icing by Vladimir Tarasenko.
11:31 of 2nd period - Cory Emmerton wins face-off versus Marc Savard in Nordiques zone.
11:56 of 2nd period - Wrist shot by Guillaume Latendresse.
11:56 of 2nd period - Stopped by Jonathan Quick with a rebound.
11:58 of 2nd period - Snap shot by Michael Grabner.
11:58 of 2nd period - Stopped by Jonathan Quick without a rebound.
11:59 of 2nd period - Chris Drury wins face-off versus Antoine Vermette in Nordiques zone.
12:10 of 2nd period - Snap shot by Tyson Barrie.
12:10 of 2nd period - Shot Blocked by Chris Drury.
12:12 of 2nd period - Snap shot by Antoine Vermette.
12:12 of 2nd period - Stopped by Jonathan Quick without a rebound.
12:13 of 2nd period - Simon Gagné wins face-off versus John Tavares in Nordiques zone.
12:20 of 2nd period - Slapshot by Ryan Ellis.
12:20 of 2nd period - Shot Misses the Net.
12:22 of 2nd period - Snap shot by Vladimir Tarasenko.
12:22 of 2nd period - Deflect By Simon Gagné.
12:22 of 2nd period - Stopped by Jhonas Enroth with a rebound.
12:24 of 2nd period - Wrist shot by Vladimir Tarasenko.
12:24 of 2nd period - Stopped by Jhonas Enroth without a rebound.
12:25 of 2nd period - Marc Savard wins face-off versus Michael Grabner in Stars zone.
12:26 of 2nd period - Wrist shot by Vladimir Tarasenko.
12:26 of 2nd period - Shot Misses the Net.
12:28 of 2nd period - Slapshot by Ryan Ellis.
12:28 of 2nd period - Shot Blocked by John Tavares.
12:30 of 2nd period - Snap shot by Simon Gagné.
12:30 of 2nd period - Shot Misses the Net.
12:32 of 2nd period - Slapshot by Fedor Tyutin.
12:32 of 2nd period - Stopped by Jhonas Enroth without a rebound.
12:33 of 2nd period - Marc Savard wins face-off versus John Tavares in Stars zone.
13:17 of 2nd period - Brian Lee is hit by Fedor Tyutin and loses puck.
14:00 of 2nd period - Slapshot by Ryan Ellis.
14:00 of 2nd period - Shot Misses the Net.
14:02 of 2nd period - Wrist shot by Vladimir Tarasenko.
14:02 of 2nd period - Shot Misses the Net.
14:04 of 2nd period - Snap shot by Simon Gagné.
14:04 of 2nd period - Shot Misses the Net.
14:06 of 2nd period - Slapshot by Fedor Tyutin.
14:06 of 2nd period - Shot Misses the Net.
14:20 of 2nd period - Guillaume Latendresse is hit by Marc Savard and loses puck.
14:31 of 2nd period - Slapshot by Brian Lee.
14:31 of 2nd period - Stopped by Jonathan Quick without a rebound.
14:32 of 2nd period - Chris Drury wins face-off versus Antoine Vermette in Nordiques zone.
14:57 of 2nd period - Johnny Oduya is hit by David Legwand and loses puck.
15:02 of 2nd period - Wrist shot by David Legwand.
15:02 of 2nd period - Shot Misses the Net.
16:09 of 2nd period - Johnny Oduya is hit by Mark Eaton and loses puck.
16:44 of 2nd period - T.J. Fast is hit by Cory Emmerton.
16:59 of 2nd period - Jussi Jokinen is hit by Jean-Pierre Dumont and loses puck.
17:10 of 2nd period - Michael Ryder is hit by Dustin Penner.
17:20 of 2nd period - Martin St. Louis is hit by Patrick Sharp and loses puck.
17:34 of 2nd period - Icing by Evgeny Artyukhin.
17:35 of 2nd period - Chris Drury wins face-off versus Evgeny Grachev in Stars zone.
18:00 of 2nd period - Snap shot by David Legwand.
18:00 of 2nd period - Shot Misses the Net.
18:20 of 2nd period - Wrist shot by B.J. Crombeen.
18:20 of 2nd period - Shot Blocked by Chris Drury.
18:20 of 2nd period - Chris Drury from Nordiques is injured at 18:20 of 2nd period (Strained Left Knee).
18:21 of 2nd period - Marc Savard wins face-off versus John Tavares in Nordiques zone.
18:34 of 2nd period - Slapshot by Vladimir Tarasenko.
18:34 of 2nd period - Shot Misses the Net.
18:36 of 2nd period - Wrist shot by Marc Savard.
18:36 of 2nd period - Stopped by Jhonas Enroth with a rebound.
18:38 of 2nd period - Snap shot by Simon Gagné.
18:38 of 2nd period - Stopped by Jhonas Enroth with a rebound.
18:58 of 2nd period - Wrist shot by B.J. Crombeen.
18:58 of 2nd period - Stopped by Jonathan Quick with a rebound.
19:25 of 2nd period - Icing by Cory Emmerton.
19:26 of 2nd period - Evgeny Grachev wins face-off versus Marc Savard in Stars zone.
19:51 of 2nd period - Backhand shot by John Tavares.
19:51 of 2nd period - Shot Blocked by Mark Eaton.
19:53 of 2nd period - Slapshot by Brian Lee.
19:53 of 2nd period - Deflect By John Tavares.
19:53 of 2nd period - Shot Blocked by T.J. Fast.
19:53 of 2nd period - Puck is out of play.
19:54 of 2nd period - John Tavares wins face-off versus Martin St. Louis in Nordiques zone.
Goals for this period are 0 for Stars vs 1 for Nordiques.
Shots for this period are 13 for Stars vs 8 for Nordiques.
3rd period
0:01 of 3rd period - Marc Savard wins face-off versus John Tavares in neutral zone.
0:31 of 3rd period - Slapshot by Boris Valabik.
0:31 of 3rd period - Shot Blocked by R.J. Umberger.
2:29 of 3rd period - Evgeny Artyukhin is hit by R.J. Umberger and loses puck.
3:01 of 3rd period - Snap shot by Alex Chiasson.
3:01 of 3rd period - Shot Blocked by Mark Eaton.
3:03 of 3rd period - Slapshot by Cory Emmerton.
3:03 of 3rd period - Shot Misses the Net.
3:05 of 3rd period - Slapshot by Boris Valabik.
3:05 of 3rd period - Stars goal is going for a video replay.
3:05 of 3rd period - The goal is refused. The referee deems the play has been stopped, even if he had not physically had the opportunity to stop play by blowing his whistle..
3:06 of 3rd period - Marc Savard wins face-off versus John Tavares in Nordiques zone.
3:53 of 3rd period - Wrist shot by Cory Emmerton.
3:53 of 3rd period - Stopped by Jonathan Quick with a rebound.
4:19 of 3rd period - Snap shot by Evgeny Artyukhin.
4:19 of 3rd period - Stopped by Jonathan Quick without a rebound.
4:20 of 3rd period - John Tavares wins face-off versus Vladimir Tarasenko in Nordiques zone.
4:45 of 3rd period - Backhand shot by Ryan Ellis.
4:45 of 3rd period - Shot Misses the Net.
4:47 of 3rd period - Slapshot by Ryan Ellis.
4:47 of 3rd period - Stopped by Jhonas Enroth without a rebound.
4:48 of 3rd period - Mike Fisher wins face-off versus Antoine Vermette in Stars zone.
5:49 of 3rd period - John Tavares is hit by Vladimir Tarasenko and loses puck.
5:55 of 3rd period - Off-side.
5:56 of 3rd period - John Tavares wins face-off versus Marc Savard in neutral zone.
6:28 of 3rd period - Snap shot by R.J. Umberger.
6:28 of 3rd period - Deflect By Jean-Pierre Dumont.
6:28 of 3rd period - Stopped by Jhonas Enroth with a rebound.
6:46 of 3rd period - Snap shot by Matt Moulson.
6:46 of 3rd period - Deflect By David Legwand.
6:46 of 3rd period - Shot Blocked by Johnny Oduya.
6:46 of 3rd period - Puck is out of play.
6:47 of 3rd period - Marc Savard wins face-off versus Cory Emmerton in Stars zone.
6:48 of 3rd period - Wrist shot by Simon Gagné.
6:48 of 3rd period - Stopped by Jhonas Enroth with a rebound.
7:10 of 3rd period - Minor Penalty to Brian Lee for Roughing.
7:11 of 3rd period - Marc Savard wins face-off versus John Tavares in Stars zone.
9:00 of 3rd period - R.J. Umberger is hit by Tyson Barrie and loses puck.
9:10 of 3rd period - Penalty to Brian Lee is over, Brian Lee is back on ice.
10:09 of 3rd period - Dustin Byfuglien is hit by Niklas Hjalmarsson and loses puck.
10:14 of 3rd period - Snap shot by Alex Chiasson.
10:14 of 3rd period - Stopped by Jonathan Quick with a rebound.
10:42 of 3rd period - Vladimir Tarasenko is hit by Evgeny Artyukhin and loses puck.
11:12 of 3rd period - Alex Chiasson is hit by Fedor Tyutin.
12:21 of 3rd period - Simon Gagné is hit by Jussi Jokinen and loses puck.
13:18 of 3rd period - Wrist shot by Cory Emmerton.
13:18 of 3rd period - Deflect By Matt Irwin.
13:18 of 3rd period - Stopped by Jonathan Quick with a rebound.
13:25 of 3rd period - Icing by Dustin Byfuglien.
13:26 of 3rd period - Mike Fisher wins face-off versus Michael Grabner in Nordiques zone.
14:00 of 3rd period - Snap shot by Matt Irwin.
14:00 of 3rd period - Goal by Matt Irwin - Stars : 0 - Nordiques : 6.
14:01 of 3rd period - John Tavares wins face-off versus Marc Savard in neutral zone.
14:14 of 3rd period - Snap shot by Simon Gagné.
14:14 of 3rd period - Stopped by Jhonas Enroth with a rebound.
14:52 of 3rd period - Alex Chiasson beats up Michael Ryder.
14:52 of 3rd period - Penalty to Michael Ryder for Fighting.
14:52 of 3rd period - Penalty to Alex Chiasson for Fighting.
14:53 of 3rd period - John Tavares wins face-off versus Marc Savard in Nordiques zone.
14:56 of 3rd period - Wrist shot by John Tavares.
14:56 of 3rd period - Goal by John Tavares - Stars : 1 - Nordiques : 6.
14:57 of 3rd period - Marc Savard wins face-off versus John Tavares in neutral zone.
14:57 of 3rd period - Guillaume Latendresse beats up Fedor Tyutin.
14:57 of 3rd period - Penalty to Fedor Tyutin for Fighting.
14:57 of 3rd period - Penalty to Guillaume Latendresse for Fighting.
14:57 of 3rd period - Penalty to Fedor Tyutin for instigated a fight.
14:57 of 3rd period - Penalty to Fedor Tyutin for instigated a fight.
14:58 of 3rd period - Marc Savard wins face-off versus John Tavares in neutral zone.
15:44 of 3rd period - Ryan Ellis is hit by John Tavares and loses puck.
15:56 of 3rd period - Icing by B.J. Crombeen.
15:57 of 3rd period - Antoine Vermette wins face-off versus David Legwand in Stars zone.
16:57 of 3rd period - Penalty to Fedor Tyutin is over, Jean-Pierre Dumont is send on ice.
17:08 of 3rd period - Backhand shot by Evgeny Grachev.
17:08 of 3rd period - Deflect By Evgeny Artyukhin.
17:08 of 3rd period - Shot Misses the Net.
17:08 of 3rd period - Puck is out of play.
17:09 of 3rd period - Evgeny Artyukhin wins face-off versus Mike Fisher in Nordiques zone.
17:24 of 3rd period - Slapshot by Matt Irwin.
17:24 of 3rd period - Deflect By Mike Fisher.
17:24 of 3rd period - Stopped by Jhonas Enroth without a rebound.
17:25 of 3rd period - Marc Savard wins face-off versus John Tavares in Stars zone.
17:43 of 3rd period - Simon Gagné and Patrick Sharp fight to a draw.
17:43 of 3rd period - Penalty to Simon Gagné for Fighting.
17:43 of 3rd period - Penalty to Patrick Sharp for Fighting.
17:44 of 3rd period - Marc Savard wins face-off versus John Tavares in Stars zone.
17:47 of 3rd period - Slapshot by Marc Savard.
17:47 of 3rd period - Stopped by Jhonas Enroth with a rebound.
17:49 of 3rd period - Slapshot by Dustin Byfuglien.
17:49 of 3rd period - Shot Misses the Net.
17:51 of 3rd period - Slapshot by Ryan Ellis.
17:51 of 3rd period - Shot Blocked by Cory Emmerton.
17:53 of 3rd period - Wrist shot by Marc Savard.
17:53 of 3rd period - Shot Misses the Net.
17:55 of 3rd period - Snap shot by Vladimir Tarasenko.
17:55 of 3rd period - Deflect By Marc Savard.
17:55 of 3rd period - Shot Misses the Net.
17:55 of 3rd period - Puck is out of play.
17:56 of 3rd period - John Tavares wins face-off versus Marc Savard in Stars zone.
17:59 of 3rd period - Snap shot by Vladimir Tarasenko.
17:59 of 3rd period - Goal by Vladimir Tarasenko - Stars : 1 - Nordiques : 7.
18:00 of 3rd period - John Tavares wins face-off versus Vladimir Tarasenko in neutral zone.
18:07 of 3rd period - Snap shot by John Tavares.
18:07 of 3rd period - Stopped by Jonathan Quick with a rebound.
18:59 of 3rd period - Slapshot by Evgeny Grachev.
18:59 of 3rd period - Shot Misses the Net.
19:13 of 3rd period - Snap shot by Marc Savard.
19:13 of 3rd period - Shot Misses the Net.
Goals for this period are 1 for Stars vs 2 for Nordiques.
Shots for this period are 7 for Stars vs 8 for Nordiques.
Back to the Top